 Dungeon Crawl Stone Soup version 0.28-a0-1567-g1695149f81 (webtiles) character file.

Game seed: 1433086956485875500

1827 comborobin the Grappler (level 8, -2/74 HPs)
             Began as a Troll Cinder Acolyte on Jan 20, 2022.
             Was a Priest of Ignis.
             Slain by a komodo dragon (28 damage)
             ... on level 9 of the Dungeon.
             The game lasted 00:02:36 (1557 turns).

comborobin the Grappler (Troll Cinder Acolyte)      Turns: 1557, Time: 00:02:37

Health: -2/74      AC: 12    Str: 26    XL:     8   Next: 86%
Magic:  8/8        EV:  9    Int: 10    God:    Ignis [***...]
Gold:   78         SH:  0    Dex:  7    Spells: 9/9 levels left

rFire   + + .      SeeInvis .     - Unarmed
rCold   . . .      Faith    .   (no shield)
rNeg    . . .      Spirit   .   a - +0 robe
rPois   .          Reflect  .   (helmet restricted)
rElec   .          Harm     .   k - +0 cloak
rCorr   .          Rampage  .   (gloves unavailable)
Will    .....                   (boots unavailable)
Stlth   +.........              (no amulet)
HPRegen 1.02/turn               j - ring "Fugrosa" {rF+ Str+3}
MPRegen 0.11/turn               (no ring)

@: fiery-armoured
A: large, unfitting armour, claws 3, regeneration 1, shaggy fur 1, tough skin 1
a: Renounce Religion, Fiery Armour, Foxfire Swarm, Rising Flame


You were on level 9 of the Dungeon.
You worshipped Ignis.
Ignis was most pleased with you.
You visited 2 branches of the dungeon, and saw 10 of its levels.

You collected 78 gold pieces.

Inventory:

Armour
 a - a +0 robe (worn)
 k - a +0 cloak (worn)
Jewellery
 j - the ring "Fugrosa" (left claw) {rF+ Str+3}
   (You found it on level 5 of the Dungeon)

   [ring of protection from fire]

   Str:       It affects your strength (+3).
   rF:        It protects you from fire.
Wands
 m - a wand of iceblast (10)
Scrolls
 b - 2 scrolls of identify {unknown}
 d - a scroll of enchant armour {unknown}
 e - a scroll of enchant weapon {unknown}
 l - a scroll of noise {unknown}
 q - a scroll of vulnerability {unknown}
Potions
 c - a potion of haste {unknown}
 f - a potion of curing {unknown}
 g - a potion of invisibility {unknown}
 h - a potion of heal wounds {unknown}
 i - 2 potions of attraction {unknown}
 n - a potion of degeneration {unknown}
 o - a potion of magic {unknown}
 p - a potion of experience {unknown}
 r - 2 potions of ambrosia {unknown}


   Skills:
 - Level 2.4 Fighting
 + Level 11.8 Unarmed Combat
 - Level 1.0 Spellcasting
 - Level 2.1 Fire Magic


You had 9 spell levels left.
You didn't know any spells.
Your spell library contained the following spells:

 Spells                   Type           Power      Damage    Failure   Level
 Scorch                   Fire           8%         2d5       22%         2
 Animate Skeleton         Necr           0%         N/A       34%         1
 Apportation              Tloc           0%         N/A       34%         1
 Summon Small Mammal      Summ           0%         N/A       34%         1
 Fulminant Prism          Conj/Hex       0%         3d6       98%         4
 Iskenderun's Mystic Bla  Conj/Tloc      0%         2d3       98%         4
 Lee's Rapid Deconstruct  Erth           0%         3d5*      100%        5


Dungeon Overview and Level Annotations

Branches:
Dungeon (9/15)             Temple (1/1) D:7            Lair (0/6) D:9
    Orc: D:9-12

Altars:
Ashenzari
Cheibriados
Dithmenos
Elyvilon
Fedhas
Gozag
Makhleb
Nemelex Xobeh
Qazlal
Ru
Uskayaw
Vehumet
Wu Jian
Yredelemnul
Zin
The Shining One


Innate Abilities, Weirdness & Mutations

You are too large for most types of armour.
You have claws for hands.
Your natural rate of healing is unusually fast.
You are covered in fur. (AC +1)
You have tough skin. (AC +1)


Message History

The komodo dragon is lightly wounded.
The foxfire hits the komodo dragon.
The komodo dragon is lightly wounded.
The foxfire hits the komodo dragon but does no damage.
The komodo dragon is lightly wounded.
The foxfire hits the komodo dragon.
The komodo dragon is lightly wounded.
Unknown command.
Unknown command.
Unknown command.
A protective cloak of flame settles atop you.
The foxfire hits the komodo dragon but does no damage.
The komodo dragon is lightly wounded.
The komodo dragon barely misses you.
Unknown command.
Unknown command.
Unknown command.
You barely miss the komodo dragon.
The komodo dragon is lightly wounded.
The centaur unwields a +0 shortbow.
The centaur barely misses you. x2
You closely miss the centaur.
The centaur is lightly wounded.
The centaur hits you but does no damage.
The centaur is burned by your cloak of flames.
The centaur is lightly wounded.
The centaur kicks you.
The centaur is burned by your cloak of flames.
The centaur is moderately wounded.
The komodo dragon hisses menacingly.
The komodo dragon bites you!!
You scratch the centaur but do no damage.
The centaur is moderately wounded.
The centaur hits you but does no damage.
The centaur is burned by your cloak of flames.
The centaur is heavily wounded.
The centaur kicks you but does no damage.
The centaur is burned by your cloak of flames.
The centaur is heavily wounded.
The komodo dragon bites you!!
You die...

#.# #.####### #.#
#...††..l #.# #..######
############.# #..#
#............###.†# .
#................†#..
#...........##.#.....P..
.............#..........
.......@l.....PP.P..PP.P
........c....P..PP...??P
.###########...PPP.PP.PP
....PP..P.PPP.
....PP.P...P.P
...P..P...PP
.....P....P.>
c...P.P.PP..PP ..P....


You could see a komodo dragon and a centaur.

Vanquished Creatures
  A komodo dragon (D:9)
  2 yaks (D:9)
  An acid dragon (D:8)
  3 water moccasins
  A black bear (D:9)
  2 centaurs
  2 bullfrogs (D:9)
  A kobold brigand (D:8)
  2 scorpions
  A water moccasin skeleton (D:7)
  A killer bee (D:9)
  A centaur zombie (D:9)
  An orc priest (D:3)
  2 bullfrog skeletons (D:7)
  A centaur skeleton (D:4)
  An iguana (D:5)
  A howler monkey zombie (D:8)
  2 adders
  An ufetubus (D:3)
  A dart slug (D:1)
  6 orcs
  An endoplasm (D:1)
  3 giant cockroaches
  2 goblins (D:3)
  6 kobolds
  A quokka (D:1)
  A frilled lizard (D:1)
48 creatures vanquished.

Vanquished Creatures (others)
  36 foxfires
  21 fungi (D:9)
  24 plants (D:9)
81 creatures vanquished.

Grand Total: 129 creatures vanquished

Notes
Turn   | Place    | Note
-------+----------+-------------------------------------------
     0 | D:1      | comborobin the Troll Cinder Acolyte began the quest for the
                  | Orb.
     0 | D:1      | Reached XP level 1. HP: 22/22 MP: 1/1
   173 | D:1      | Reached XP level 2. HP: 29/29 MP: 2/2
   193 | D:2      | Identified the +3 chain mail of Spite {rElec rN+ Str+5}
   333 | D:3      | Reached skill level 4 in Unarmed Combat
   340 | D:3      | Reached XP level 3. HP: 35/36 MP: 3/3
   362 | D:4      | Reached skill level 5 in Unarmed Combat
   362 | D:4      | Reached XP level 4. HP: 31/44 MP: 4/4
   381 | D:5      | Entered Level 5 of the Dungeon
   421 | D:5      | Noticed a scorpion
   422 | D:5      | Noticed a water moccasin
   425 | D:5      | Killed a scorpion
   426 | D:5      | Reached XP level 5. HP: 50/50 MP: 5/5
   427 | D:5      | Killed a water moccasin
   428 | D:5      | Reached skill level 6 in Unarmed Combat
   436 | D:5      | Identified the ring "Fugrosa" {rF+ Str+3}
   466 | D:5      | Reached XP level 6. HP: 59/59 MP: 6/6
   475 | D:5      | Reached skill level 7 in Unarmed Combat
   875 | D:7      | Reached skill level 8 in Unarmed Combat
   936 | D:7      | Found a staircase to the Ecumenical Temple.
   966 | D:7      | Reached XP level 7. HP: 63/66 MP: 7/7
   983 | Temple   | Entered the Ecumenical Temple
  1369 | D:8      | Reached skill level 9 in Unarmed Combat
  1445 | D:9      | Noticed a yak
  1445 | D:9      | Noticed a komodo dragon
  1466 | D:9      | Reached skill level 10 in Unarmed Combat
  1466 | D:9      | Reached XP level 8. HP: 74/74 MP: 8/8
  1477 | D:9      | Killed a komodo dragon
  1504 | D:9      | Reached skill level 11 in Unarmed Combat
  1522 | D:9      | Noticed a komodo dragon
  1546 | D:9      | Found a staircase to the Lair.
  1557 | D:9      | Slain by a komodo dragon

Illustrated notes

Levels and vault maps discovered:
D:1:      dpeg_arrival_chambers_temple_mockup, layout_basic,
          dreamdust_ecumenical_altar_grove, minmay_crystal_room
D:2:      layout_loops_ring, chequers_decorated_corner, minmay_3d_cube
D:3:      layout_rooms, grunt_decor_junction
D:4:      layout_cave_pools, nicolae_hepliaklqana_ecumenical_no_more,
          hellmonk_ghost_happy_afterlife
D:5:      cheibrodos_helix_gallery, layout_basic
D:6:      layout_basic, grunt_temple_overflow_cloverleaf, grunt_ministairs_2,
          st_stairs_7, minmay_stone_trees_small, kennysheep_opposing_triangles,
          uniq_menkaure
D:7:      layout_basic, minmay_temple_entry_wispy, nicolae_figureground_sparkle
D:8:      layout_basic
D:9:      minmay_the_grid_triangle_9x9_rhombus_thin_mashed
          [minmay_the_grid_triangle_9x9_descending_squares,
          minmay_the_grid_triangle_9x9_prize_center,
          minmay_the_grid_triangle_9x9_alien,
          minmay_the_grid_triangle_9x9_intruding_spiral], layout_basic,
          lemuel_crystal_altar, due_lair_maze_entry_diamond
Temple:   eino_temple_scatter_basement

Skill      XL: |  1  2  3  4  5  6  7  8 |
---------------+-------------------------+-----
Unarmed Combat | 4 5 6 8 10 11 | 11.8
Fighting       | |  2.4
Spellcasting   | |  1.0
Fire Magic     | |  2.1

Action                   |  1- 3 |  4- 6 |  7- 9 || total
-------------------------+-------+-------+-------++-------
Melee: Unarmed           |    59 |    31 |    61 ||   151
       Punch             |     1 |     1 |     5 ||     7
Invok: Foxfire Swarm     |     1 |     1 |     1 ||     3
       Fiery Armour      |       |       |     2 ||     2
Armor: Robe              |    23 |    17 |    32 ||    72
Dodge: Dodged            |    36 |    11 |    37 ||    84

Table legend: (Time is in decaauts)
 A = Elapsed time spent in this place.
 B = Non-inter-level travel time spent in this place.
 C = Inter-level travel time spent in this place.
 D = Time resting spent in this place.
 E = Time spent auto-exploring this place.
 F = Levels seen in this place.
 G = Mean time per level.
                   A        B        C        D        E       F      G
               +--------+--------+--------+--------+--------+-----+--------+
         Total |   1536 |   1463 |     73 |     84 |    894 |  10 |  153.6 |
       Dungeon |   1366 |   1312 |     54 |     84 |    760 |   9 |  151.8 |
        Temple |    170 |    152 |     18 |      0 |    134 |   1 |  170.0 |
               +--------+--------+--------+--------+--------+-----+--------+

Top non-repeatable levels by time:
     D:7: 407 daAuts
     D:8: 237 daAuts
     D:5: 195 daAuts
     D:1: 183 daAuts
  Temple: 170 daAuts
     D:9: 115 daAuts
     D:2: 96 daAuts
     D:3: 69 daAuts
     D:6: 35 daAuts
     D:4: 26 daAuts
